Ice Dragons vs Griffins
Created - March 31, 2019 at 19:15
Goals
|
| Ice Dragons |
1 |
2 |
2 |
5 |
| Griffins |
2 |
0 |
1 |
3 |
|
Shots
|
| Ice Dragons |
23 |
8 |
8 |
39 |
| Griffins |
6 |
19 |
13 |
38 |
|
1st period
1. Griffins , Nathan Gerbe 35 (Ian McCoshen 5) at 9:58
2. Ice Dragons , Brian Boyle 20 (Michael Stone 24) at 16:24
3. Griffins , Petr Pohl 38 (Nathan Gerbe 38, Tye McGinn 52) at 17:55
Penalties :
Logan MacMillan (Kin) for High sticking (Minor) at 19:03
2nd period
4. Ice Dragons , Michael Chaput 30 (Brayden McNabb 10, Michael Ferland 12) at 12:51
5. Ice Dragons , Brian Boyle 21 (Michael Ferland 13, Dmitri Orlov 21) at 15:29
Penalties :
Emil Pettersson (Kin) for Hooking (Minor) at 5:12
3rd period
6. Ice Dragons , Logan MacMillan 6 (Brian Boyle 22, Brandon Kozun 34) at 5:38 (PP)
7. Griffins , Jamie Arniel 30 (Ty Wishart 23) at 6:10
8. Ice Dragons , Alec Martinez 5 (Brandon Kozun 35, Matt Corrente 25) at 19:22 (Empty Net)
Penalties :
Brayden McNabb (Kin) for Hooking (Minor) at 0:58, Tye McGinn (Cap) for Roughing (Minor) at 5:28, Emil Pettersson (Kin) for Tripping (Minor) at 15:20
Goalie Stats
Anders Nilsson (Kin), 35 saves from 38 shots - (0.921), W, 14-27-1, 60:00 minutes
Jean-Francois Berube (Cap), 34 saves from 38 shots - (0.895), L, 18-15-9, 59:23 minutes
Players Stats for Ice Dragons
Player Name G A P +/- PIM S H SB GA TA FO MP PP MP PK MP
------------------------------------------------------------------------------------
Alec Martinez 1 0 1 0 0 5 3 1 0 1 0/0 29:37 0:10 5:12
Brandon Kozun 0 2 2 2 0 2 1 0 1 0 1/1 16:29 0:10 0:00
Brayden McNabb 0 1 1 0 2 2 1 0 1 0 0/0 17:45 0:00 2:09
Brian Boyle 2 1 3 2 0 7 4 0 1 0 18/37 24:31 0:10 5:10
Chris Wagner 0 0 0 1 0 2 0 0 0 0 0/0 12:04 0:00 0:00
David Rundblad 0 0 0 0 0 3 0 0 0 0 0/0 18:09 0:00 2:44
Dmitri Orlov 0 1 1 0 0 0 0 0 0 0 0/0 5:34 0:00 0:00
Emil Pettersson 0 0 0 -3 4 0 0 0 0 0 0/0 13:59 0:00 0:00
Justin Shugg 0 0 0 -2 0 1 1 1 0 0 1/1 15:52 0:00 0:00
Kevin Connauton 0 0 0 1 0 1 0 1 1 1 0/0 12:37 0:00 0:35
Logan MacMillan 1 0 1 2 2 1 0 0 0 1 1/1 19:35 0:10 2:09
Luke Adam 0 0 0 -2 0 2 1 0 1 0 5/11 20:43 0:00 5:13
Matt Corrente 0 1 1 0 0 2 1 1 2 1 0/0 24:15 0:10 5:12
Michael Chaput 1 0 1 2 0 6 2 0 1 1 3/7 15:25 0:00 2:01
Michael Ferland 0 2 2 1 0 1 4 1 0 0 0/0 14:34 0:00 1:19
Michael Stone 0 1 1 1 0 3 0 1 0 0 0/0 12:02 0:00 0:00
Sam Carrick 0 0 0 0 0 1 1 0 0 0 1/1 8:05 0:00 0:00
Thomas Gobeil 0 0 0 0 0 0 0 0 0 0 0/1 7:00 0:00 0:00
William Carrier 0 0 0 0 0 0 2 0 0 0 0/0 3:44 0:00 0:00
Players Stats for Griffins
Player Name G A P +/- PIM S H SB GA TA FO MP PP MP PK MP
------------------------------------------------------------------------------------
Anton Slepyshev 0 0 0 -1 0 0 1 2 0 0 0/0 11:03 0:00 0:00
Ben Hanowski 0 0 0 -1 0 4 1 0 2 0 0/0 11:13 0:00 0:10
Bryan Young 0 0 0 0 0 1 2 3 0 2 0/0 24:05 3:10 0:00
Connor Brown 0 0 0 -1 0 3 3 0 0 1 0/1 19:52 3:04 0:00
Ian McCoshen 0 1 1 2 0 0 0 1 0 0 0/0 10:54 0:00 0:00
J.T. Brown 0 0 0 -1 0 1 1 0 1 1 0/0 7:30 0:01 0:00
Jamie Arniel 1 0 1 -1 0 3 2 2 1 0 8/15 20:02 3:04 0:10
Mark Jankowski 0 0 0 -1 0 2 0 1 0 0 1/1 7:27 0:00 0:00
Marko Dano 0 0 0 1 0 1 1 0 0 0 13/27 21:31 4:51 0:00
Mirco Mueller 0 0 0 0 0 1 0 0 0 0 0/0 6:02 0:00 0:10
Nathan Gerbe 1 1 2 1 0 3 2 0 1 0 1/1 21:46 4:52 0:00
Nathan Oystrick 0 0 0 2 0 2 0 0 0 0 0/0 16:50 0:00 0:10
Petr Pohl 1 0 1 1 0 3 2 0 0 2 0/2 21:34 4:52 0:00
Petter Granberg 0 0 0 -2 0 2 2 0 0 1 0/0 18:53 4:46 0:00
Quinton Howden 0 0 0 -1 0 2 2 1 0 0 4/9 11:03 0:00 0:00
Robert Dome 0 0 0 -1 0 3 0 0 0 0 0/1 7:27 0:00 0:00
Simon Despres 0 0 0 0 0 2 2 2 0 1 0/0 25:02 4:46 0:00
Ty Wishart 0 1 1 -2 0 0 2 0 0 0 0/0 18:02 3:10 0:00
Tye McGinn 0 1 1 0 2 5 1 0 0 0 3/3 19:33 3:04 0:00
3 Stars
1 - Brian Boyle (Kin)
2 - Michael Ferland (Kin)
3 - Michael Chaput (Kin)
Power Play
Ice Dragons - 1 on 1 Attempt(s) - 100.00%
Griffins - 0 on 4 Attempt(s) - 0.00%
Penalty Kill
Ice Dragons - 4 on 4 Attempt(s) - 100.00%
- Score 0 goal in Penalty Kill
Griffins - 0 on 1 Attempt(s) - 0.00%
- Score 0 goal in Penalty Kill
Team Stat
Ice Dragons - Hits : 21 - Faceoff Wins : 30 - Blocked Shots : 6 - Penalty Minutes : 8
Griffins - Hits : 24 - Faceoff Wins : 30 - Blocked Shots : 12 - Penalty Minutes : 2
Official
Referees : Unknown
Linesman : Unknown
Game Notes
William Carrier is injured at 14:16 of 1st period (Bruised Right Shoulder)
Alec Martinez has scored in a empty net!
Finance
Level 1 -- Attendance: 1350 (67.50%) -- Ticket Income $47,250
Level 2 -- Attendance: 678 (67.80%) -- Ticket Income $13,560
Total Attendance: 2028 (67.60%)
Total Ticket Income: $60,810
Other Income: $3,040
Total Income: $63,850
Ice Dragons
5 vs 5 Forward
Center Left Wing Right Wing Time % Phy DF OF
1 Brian Boyle Logan MacMillan Brandon Kozun 40 1 2 2
2 Luke Adam William Carrier Justin Shugg 30 1 2 2
3 Michael Chaput Michael Ferland Chris Wagner 20 1 2 2
4 Sam Carrick Brian Boyle Thomas Gobeil 10 1 2 2
5 vs 5 Defense
Defense Defense Time % Phy DF OF
1 Alec Martinez Matt Corrente 40 1 2 2
2 David Rundblad Brayden McNabb 30 1 2 2
3 Michael Stone Kevin Connauton 20 1 2 2
4 Dmitri Orlov Alec Martinez 10 1 2 2
PowerPlay Forward
Center Left Wing Right Wing Time % Phy DF OF
1 Brian Boyle Logan MacMillan Brandon Kozun 60 1 2 2
2 Luke Adam William Carrier Justin Shugg 40 1 2 2
PowerPlay Defense
Defense Defense Time % Phy DF OF
1 Alec Martinez Matt Corrente 60 1 2 2
2 David Rundblad Brayden McNabb 40 1 2 2
Penalty Kill 4 Players Forward
Center Wing Time % Phy DF OF
1 Brian Boyle Luke Adam 60 1 2 2
2 Michael Chaput Logan MacMillan 40 1 2 2
Penalty Kill 4 Players Defense
Defense Defense Time % Phy DF OF
1 Alec Martinez Matt Corrente 60 1 2 2
2 David Rundblad Brayden McNabb 40 1 2 2
Penalty Kill - 3 Players Forward
Forward Time % Phy DF OF
1 Brian Boyle 60 1 2 2
2 Luke Adam 40 1 2 2
Penalty Kill - 3 Players Defense
Defense Defense Time % Phy DF OF
1 Alec Martinez Matt Corrente 60 1 2 2
2 David Rundblad Brayden McNabb 40 1 2 2
4 vs 4 Forward
Center Wing Time % Phy DF OF
1 Brian Boyle Luke Adam 60 1 2 2
2 Michael Chaput Logan MacMillan 40 1 2 2
4 vs 4 Defense
Defense Defense Time % Phy DF OF
1 Alec Martinez Matt Corrente 60 1 2 2
2 David Rundblad Brayden McNabb 40 1 2 2
Last Minutes Offensive
Center Left Wing Right Wing Defense Defense
Brian Boyle Logan MacMillan Brandon Kozun Alec Martinez Matt Corrente
Last Minutes Defensive
Center Left Wing Right Wing Defense Defense
Brian Boyle Logan MacMillan Brandon Kozun Alec Martinez Matt Corrente
Goaltenders
Starting : Anders Nilsson
Backup : Harru Sateri
Extra Forwards
Normal : Emil Pettersson, Sam Carrick, Michael Ferland - PP : Emil Pettersson, Sam Carrick - PK : Michael Ferland
Extra Defensemen
Normal : Michael Stone, Kevin Connauton, Dmitri Orlov - PP : Michael Stone - PK : Kevin Connauton, Dmitri Orlov
Penalty Shots
Brian Boyle, Luke Adam, Michael Chaput, Logan MacMillan, Brandon Kozun
Scratches
Theodor Blueger (Healthy), Alex Henriksson (Healthy), Cole Ully (Healthy), Christian Djoos (Healthy), Alex Plante (Healthy)
Samuel Groulx (Healthy), Oscar Dansk (Healthy)
Griffins
5 vs 5 Forward
Center Left Wing Right Wing Time % Phy DF OF
1 Marko Dano Nathan Gerbe Petr Pohl 35 0 2 3
2 Jamie Arniel Tye McGinn Connor Brown 35 0 2 3
3 Quinton Howden Anton Slepyshev Ben Hanowski 20 0 2 3
4 Mark Jankowski Robert Dome J.T. Brown 10 0 2 3
5 vs 5 Defense
Defense Defense Time % Phy DF OF
1 Simon Despres Bryan Young 40 0 2 3
2 Petter Granberg Ty Wishart 30 0 3 2
3 Nathan Oystrick Ian McCoshen 20 0 3 2
4 Nathan Oystrick Mirco Mueller 10 1 2 2
PowerPlay Forward
Center Left Wing Right Wing Time % Phy DF OF
1 Marko Dano Nathan Gerbe Petr Pohl 60 0 1 4
2 Jamie Arniel Tye McGinn Connor Brown 40 0 1 4
PowerPlay Defense
Defense Defense Time % Phy DF OF
1 Petter Granberg Simon Despres 60 0 1 4
2 Ty Wishart Bryan Young 40 0 1 4
Penalty Kill 4 Players Forward
Center Wing Time % Phy DF OF
1 Jamie Arniel Ben Hanowski 60 1 2 2
2 Tye McGinn J.T. Brown 40 1 2 2
Penalty Kill 4 Players Defense
Defense Defense Time % Phy DF OF
1 Ty Wishart Bryan Young 60 1 2 2
2 Nathan Oystrick Mirco Mueller 40 1 2 2
Penalty Kill - 3 Players Forward
Forward Time % Phy DF OF
1 J.T. Brown 60 1 2 2
2 Jamie Arniel 40 1 2 2
Penalty Kill - 3 Players Defense
Defense Defense Time % Phy DF OF
1 Simon Despres Bryan Young 60 1 2 2
2 Nathan Oystrick Mirco Mueller 40 1 2 2
4 vs 4 Forward
Center Wing Time % Phy DF OF
1 Marko Dano Petr Pohl 50 1 2 2
2 Jamie Arniel Connor Brown 50 1 2 2
4 vs 4 Defense
Defense Defense Time % Phy DF OF
1 Simon Despres Bryan Young 60 1 2 2
2 Petter Granberg Nathan Oystrick 40 1 2 2
Last Minutes Offensive
Center Left Wing Right Wing Defense Defense
Marko Dano Nathan Gerbe Connor Brown Petr Pohl Jamie Arniel
Last Minutes Defensive
Center Left Wing Right Wing Defense Defense
Ben Hanowski Tye McGinn J.T. Brown Bryan Young Nathan Oystrick
Goaltenders
Starting : Jean-Francois Berube
Backup : Olivier Roy
Extra Forwards
Normal : Petr Pohl, Connor Brown, Marko Dano - PP : J.T. Brown, Anton Slepyshev - PK : Petr Pohl
Extra Defensemen
Normal : Simon Despres, Petter Granberg, Nathan Oystrick - PP : Bryan Young - PK : Petter Granberg, Ty Wishart
Penalty Shots
Nathan Gerbe, Jamie Arniel, Marko Dano, Robert Dome, Petr Pohl
Scratches
Garrett Wilson (Healthy), Tanner Kero (Healthy), Greg McKegg (Healthy), Brendan Woods (Healthy), Jerome Gauthier-Leduc (Healthy)
Nicholas Baptiste (Healthy), Konrad Abeltshauser (Healthy), Tomas Hyka (Healthy), Brian Hart (Healthy), Keith Seabrook (Healthy)
Marcus Hogberg (Healthy), Matt Tomkins (Healthy)
% Time on Ice - Ice Dragons
Lines # - Real PCT - Wanted PCT - Time Play
Normal Forward
1 - 31% - 40% - 16:08
2 - 32% - 30% - 16:31
3 - 24% - 20% - 12:04
4 - 13% - 10% - 6:37
Normal Defense
1 - 36% - 40% - 18:19
2 - 30% - 30% - 15:25
3 - 23% - 20% - 12:02
4 - 11% - 10% - 5:34
PP Forward
1 - 100% - 60% - 0:10
2 - 0% - 40% - 0:00
PP Defense
1 - 100% - 60% - 0:10
2 - 0% - 40% - 0:00
PK Forward
1 - 77% - 60% - 6:07
2 - 23% - 40% - 1:49
PK Defense
1 - 66% - 60% - 5:12
2 - 34% - 40% - 2:44
PK3 Forward
1 - 0% - 60%
2 - 0% - 40%
PK3 Defense
1 - 0% - 60%
2 - 0% - 40%
44 Forward
1 - 0% - 60%
2 - 0% - 40%
44 Defense
1 - 0% - 60%
2 - 0% - 40%
Last Minute Offensive - 0:00
Last Minute Defensive - 0:34
Total
Forward - 60:00
Defense - 60:00
|
% Time on Ice - Griffins
Lines # - Real PCT - Wanted PCT - Time Play
Normal Forward
1 - 32% - 35% - 16:20
2 - 32% - 35% - 16:42
3 - 21% - 20% - 11:03
4 - 14% - 10% - 7:27
Normal Defense
1 - 39% - 40% - 19:54
2 - 29% - 30% - 14:52
3 - 21% - 20% - 10:54
4 - 11% - 10% - 5:52
PP Forward
1 - 61% - 60% - 4:52
2 - 39% - 40% - 3:04
PP Defense
1 - 60% - 60% - 4:46
2 - 40% - 40% - 3:10
PK Forward
1 - 100% - 60% - 0:10
2 - 0% - 40% - 0:00
PK Defense
1 - 0% - 60% - 0:00
2 - 100% - 40% - 0:10
PK3 Forward
1 - 0% - 60%
2 - 0% - 40%
PK3 Defense
1 - 0% - 60%
2 - 0% - 40%
44 Forward
1 - 0% - 50%
2 - 0% - 50%
44 Defense
1 - 0% - 60%
2 - 0% - 40%
Last Minute Offensive - 0:22
Last Minute Defensive - 0:00
Total
Forward - 60:00
Defense - 60:00
|
Play-by-Play
1st period
0:01 of 1st period - Brian Boyle wins face-off versus Marko Dano in neutral zone.
0:11 of 1st period - Slapshot by Matt Corrente.
0:11 of 1st period - Shot Blocked by Bryan Young.
0:25 of 1st period - Jamie Arniel is hit by Alec Martinez and loses puck.
0:48 of 1st period - Slapshot by David Rundblad.
0:48 of 1st period - Stopped by Jean-Francois Berube without a rebound.
0:49 of 1st period - Michael Chaput wins face-off versus Quinton Howden in Griffins zone.
0:54 of 1st period - Snap shot by Michael Chaput.
0:54 of 1st period - Stopped by Jean-Francois Berube with a rebound.
0:56 of 1st period - Slapshot by Kevin Connauton.
0:56 of 1st period - Shot Misses the Net.
0:58 of 1st period - Slapshot by Kevin Connauton.
0:58 of 1st period - Shot Blocked by Quinton Howden.
1:00 of 1st period - Snap shot by Michael Stone.
1:00 of 1st period - Stopped by Jean-Francois Berube without a rebound.
1:01 of 1st period - Sam Carrick wins face-off versus Robert Dome in Griffins zone.
1:33 of 1st period - Nathan Gerbe is hit by William Carrier and loses puck.
1:52 of 1st period - Wrist shot by Michael Chaput.
1:52 of 1st period - Stopped by Jean-Francois Berube without a rebound.
1:53 of 1st period - Quinton Howden wins face-off versus Michael Chaput in Griffins zone.
2:06 of 1st period - Snap shot by Michael Chaput.
2:06 of 1st period - Stopped by Jean-Francois Berube with a rebound.
2:08 of 1st period - Slapshot by Brayden McNabb.
2:08 of 1st period - Shot Misses the Net.
2:14 of 1st period - Wrist shot by Michael Chaput.
2:14 of 1st period - Stopped by Jean-Francois Berube with a rebound.
2:38 of 1st period - Slapshot by Ben Hanowski.
2:38 of 1st period - Stopped by Anders Nilsson without a rebound.
2:39 of 1st period - Brian Boyle wins face-off versus Jamie Arniel in Ice Dragons zone.
2:39 of 1st period - Brian Boyle is hit by Connor Brown.
2:45 of 1st period - Snap shot by Alec Martinez.
2:45 of 1st period - Shot Misses the Net.
2:47 of 1st period - Slapshot by Alec Martinez.
2:47 of 1st period - Stopped by Jean-Francois Berube without a rebound.
2:48 of 1st period - Jamie Arniel wins face-off versus Brian Boyle in Griffins zone.
2:57 of 1st period - Wrist shot by Brian Boyle.
2:57 of 1st period - Stopped by Jean-Francois Berube without a rebound.
2:58 of 1st period - Brian Boyle wins face-off versus Marko Dano in Griffins zone.
3:28 of 1st period - Jamie Arniel is hit by Luke Adam and loses puck.
3:47 of 1st period - Snap shot by Michael Chaput.
3:47 of 1st period - Shot Blocked by Mark Jankowski.
3:49 of 1st period - Slapshot by David Rundblad.
3:49 of 1st period - Shot Misses the Net.
3:51 of 1st period - Wrist shot by David Rundblad.
3:51 of 1st period - Deflect By Chris Wagner.
3:51 of 1st period - Stopped by Jean-Francois Berube without a rebound.
3:52 of 1st period - Brian Boyle wins face-off versus Marko Dano in Griffins zone.
4:05 of 1st period - Backhand shot by Brian Boyle.
4:05 of 1st period - Shot Misses the Net.
4:07 of 1st period - Slapshot by Brayden McNabb.
4:07 of 1st period - Shot Misses the Net.
5:02 of 1st period - Wrist shot by Kevin Connauton.
5:02 of 1st period - Shot Misses the Net.
5:04 of 1st period - Slapshot by David Rundblad.
5:04 of 1st period - Shot Blocked by Simon Despres.
6:00 of 1st period - Icing by Alec Martinez.
6:01 of 1st period - Jamie Arniel wins face-off versus Brian Boyle in Ice Dragons zone.
8:46 of 1st period - Nathan Oystrick is hit by Brayden McNabb and loses puck.
8:57 of 1st period - David Rundblad is hit by Nathan Gerbe and loses puck.
9:32 of 1st period - Slapshot by David Rundblad.
9:32 of 1st period - Stopped by Jean-Francois Berube with a rebound.
9:34 of 1st period - Slapshot by Brayden McNabb.
9:34 of 1st period - Stopped by Jean-Francois Berube with a rebound.
9:58 of 1st period - Snap shot by Nathan Gerbe.
9:58 of 1st period - Goal by Nathan Gerbe - Ice Dragons : 0 - Griffins : 1.
9:59 of 1st period - Jamie Arniel wins face-off versus Brian Boyle in neutral zone.
10:02 of 1st period - Brian Boyle is hit by Jamie Arniel and loses puck.
10:29 of 1st period - Snap shot by Ben Hanowski.
10:29 of 1st period - Shot Misses the Net.
10:31 of 1st period - Wrist shot by Quinton Howden.
10:31 of 1st period - Shot Blocked by Matt Corrente.
10:51 of 1st period - Snap shot by Michael Chaput.
10:51 of 1st period - Stopped by Jean-Francois Berube with a rebound.
11:23 of 1st period - Bryan Young is hit by William Carrier and loses puck.
12:17 of 1st period - Dmitri Orlov is hit by Anton Slepyshev and loses puck.
12:28 of 1st period - Bryan Young is hit by Michael Ferland.
13:01 of 1st period - Brayden McNabb is hit by Ben Hanowski and loses puck.
13:49 of 1st period - Slapshot by Sam Carrick.
13:49 of 1st period - Stopped by Jean-Francois Berube with a rebound.
13:51 of 1st period - Wrist shot by Sam Carrick.
13:51 of 1st period - Shot Misses the Net.
14:08 of 1st period - Michael Stone is hit by Petter Granberg and loses puck.
14:15 of 1st period - William Carrier is hit by Petter Granberg and loses puck.
14:16 of 1st period - William Carrier from Ice Dragons is injured at 14:16 of 1st period (Bruised Right Shoulder).
14:17 of 1st period - Brian Boyle wins face-off versus Jamie Arniel in Ice Dragons zone.
14:32 of 1st period - Slapshot by Brian Boyle.
14:32 of 1st period - Shot Blocked by Bryan Young.
14:39 of 1st period - Icing by Simon Despres.
14:40 of 1st period - Luke Adam wins face-off versus Petr Pohl in Griffins zone.
14:49 of 1st period - Slapshot by Justin Shugg.
14:49 of 1st period - Stopped by Jean-Francois Berube with a rebound.
14:55 of 1st period - Slapshot by Michael Stone.
14:55 of 1st period - Deflect By Luke Adam.
14:55 of 1st period - Stopped by Jean-Francois Berube with a rebound.
15:04 of 1st period - Off-side.
15:05 of 1st period - Tye McGinn wins face-off versus Brian Boyle in neutral zone.
15:08 of 1st period - Matt Corrente is hit by Connor Brown.
15:37 of 1st period - Wrist shot by Luke Adam.
15:37 of 1st period - Stopped by Jean-Francois Berube with a rebound.
16:24 of 1st period - Snap shot by Brian Boyle.
16:24 of 1st period - Goal by Brian Boyle - Ice Dragons : 1 - Griffins : 1.
16:25 of 1st period - Jamie Arniel wins face-off versus Brian Boyle in neutral zone.
17:15 of 1st period - Slapshot by Brayden McNabb.
17:15 of 1st period - Stopped by Jean-Francois Berube without a rebound.
17:16 of 1st period - Quinton Howden wins face-off versus Michael Chaput in Griffins zone.
17:21 of 1st period - Wrist shot by Chris Wagner.
17:21 of 1st period - Stopped by Jean-Francois Berube without a rebound.
17:22 of 1st period - Brian Boyle wins face-off versus Jamie Arniel in Griffins zone.
17:25 of 1st period - Snap shot by Brian Boyle.
17:25 of 1st period - Stopped by Jean-Francois Berube with a rebound.
17:55 of 1st period - Snap shot by Petr Pohl.
17:55 of 1st period - Goal by Petr Pohl - Ice Dragons : 1 - Griffins : 2.
17:56 of 1st period - Jamie Arniel wins face-off versus Brian Boyle in neutral zone.
17:59 of 1st period - Snap shot by Connor Brown.
17:59 of 1st period - Shot Misses the Net.
18:07 of 1st period - Wrist shot by Brandon Kozun.
18:07 of 1st period - Stopped by Jean-Francois Berube without a rebound.
18:08 of 1st period - Logan MacMillan wins face-off versus Jamie Arniel in Griffins zone.
18:09 of 1st period - Snap shot by Brian Boyle.
18:09 of 1st period - Stopped by Jean-Francois Berube with a rebound.
18:11 of 1st period - Wrist shot by Logan MacMillan.
18:11 of 1st period - Shot Blocked by Bryan Young.
18:13 of 1st period - Slapshot by Matt Corrente.
18:13 of 1st period - Shot Blocked by Jamie Arniel.
18:15 of 1st period - Backhand shot by Brandon Kozun.
18:15 of 1st period - Shot Blocked by Jamie Arniel.
18:23 of 1st period - Slapshot by Brandon Kozun.
18:23 of 1st period - Stopped by Jean-Francois Berube with a rebound.
18:58 of 1st period - Snap shot by Ben Hanowski.
18:58 of 1st period - Stopped by Anders Nilsson with a rebound.
19:00 of 1st period - Slapshot by Mirco Mueller.
19:00 of 1st period - Stopped by Anders Nilsson without a rebound.
19:01 of 1st period - Brian Boyle wins face-off versus Quinton Howden in Ice Dragons zone.
19:03 of 1st period - Minor Penalty to Logan MacMillan for High sticking.
19:04 of 1st period - Marko Dano wins face-off versus Luke Adam in Ice Dragons zone.
19:08 of 1st period - Snap shot by Petr Pohl.
19:08 of 1st period - Stopped by Anders Nilsson without a rebound.
19:09 of 1st period - Brian Boyle wins face-off versus Marko Dano in Ice Dragons zone.
19:16 of 1st period - Petter Granberg is hit by Alec Martinez and loses puck.
19:45 of 1st period - Wrist shot by Connor Brown.
19:45 of 1st period - Deflect By Jamie Arniel.
19:45 of 1st period - Shot Misses the Net.
19:45 of 1st period - Puck is out of play.
19:46 of 1st period - Marko Dano wins face-off versus Brian Boyle in Ice Dragons zone.
Goals for this period are 1 for Ice Dragons vs 2 for Griffins.
Shots for this period are 23 for Ice Dragons vs 6 for Griffins.
2nd period
0:01 of 2nd period - Brian Boyle wins face-off versus Marko Dano in neutral zone.
0:39 of 2nd period - Slapshot by Connor Brown.
0:39 of 2nd period - Shot Misses the Net.
0:43 of 2nd period - Snap shot by Connor Brown.
0:43 of 2nd period - Stopped by Anders Nilsson with a rebound.
1:03 of 2nd period - Penalty to Logan MacMillan is over, Logan MacMillan is back on ice.
1:15 of 2nd period - Snap shot by J.T. Brown.
1:15 of 2nd period - Stopped by Anders Nilsson with a rebound.
1:17 of 2nd period - Slapshot by Nathan Oystrick.
1:17 of 2nd period - Deflect By Mark Jankowski.
1:17 of 2nd period - Stopped by Anders Nilsson with a rebound.
1:19 of 2nd period - Snap shot by Mark Jankowski.
1:19 of 2nd period - Shot Misses the Net.
1:21 of 2nd period - Slapshot by Nathan Oystrick.
1:21 of 2nd period - Stopped by Anders Nilsson without a rebound.
1:22 of 2nd period - Quinton Howden wins face-off versus Luke Adam in Ice Dragons zone.
1:29 of 2nd period - Wrist shot by Ben Hanowski.
1:29 of 2nd period - Shot Misses the Net.
2:14 of 2nd period - Snap shot by Jamie Arniel.
2:14 of 2nd period - Deflect By Tye McGinn.
2:14 of 2nd period - Stopped by Anders Nilsson without a rebound.
2:15 of 2nd period - Luke Adam wins face-off versus Jamie Arniel in Ice Dragons zone.
2:26 of 2nd period - Connor Brown is hit by Justin Shugg and loses puck.
2:39 of 2nd period - Nathan Gerbe is hit by Michael Ferland and loses puck.
2:45 of 2nd period - Icing by Simon Despres.
2:46 of 2nd period - Marko Dano wins face-off versus Brian Boyle in Griffins zone.
3:36 of 2nd period - Slapshot by Nathan Gerbe.
3:36 of 2nd period - Shot Misses the Net.
3:38 of 2nd period - Snap shot by Nathan Gerbe.
3:38 of 2nd period - Stopped by Anders Nilsson without a rebound.
3:39 of 2nd period - Jamie Arniel wins face-off versus Luke Adam in Ice Dragons zone.
3:40 of 2nd period - Snap shot by Tye McGinn.
3:40 of 2nd period - Stopped by Anders Nilsson with a rebound.
3:44 of 2nd period - Backhand shot by Connor Brown.
3:44 of 2nd period - Stopped by Anders Nilsson with a rebound.
3:46 of 2nd period - Snap shot by Jamie Arniel.
3:46 of 2nd period - Shot Blocked by Justin Shugg.
3:48 of 2nd period - Snap shot by Tye McGinn.
3:48 of 2nd period - Stopped by Anders Nilsson without a rebound.
3:49 of 2nd period - Jamie Arniel wins face-off versus Luke Adam in Ice Dragons zone.
3:50 of 2nd period - Snap shot by Connor Brown.
3:50 of 2nd period - Deflect By Tye McGinn.
3:50 of 2nd period - Shot Blocked by Alec Martinez.
3:50 of 2nd period - Puck is out of play.
3:51 of 2nd period - Luke Adam wins face-off versus Jamie Arniel in Ice Dragons zone.
4:04 of 2nd period - Slapshot by Alec Martinez.
4:04 of 2nd period - Stopped by Jean-Francois Berube with a rebound.
4:06 of 2nd period - Slapshot by Matt Corrente.
4:06 of 2nd period - Stopped by Jean-Francois Berube without a rebound.
4:07 of 2nd period - Nathan Gerbe wins face-off versus Brian Boyle in Griffins zone.
4:14 of 2nd period - Backhand shot by Bryan Young.
4:14 of 2nd period - Stopped by Anders Nilsson without a rebound.
4:15 of 2nd period - Marko Dano wins face-off versus Brian Boyle in Ice Dragons zone.
4:49 of 2nd period - Off-side.
4:50 of 2nd period - Justin Shugg wins face-off versus Quinton Howden in neutral zone.
5:12 of 2nd period - Minor Penalty to Emil Pettersson for Hooking.
5:13 of 2nd period - Brian Boyle wins face-off versus Marko Dano in Ice Dragons zone.
5:42 of 2nd period - Slapshot by Connor Brown.
5:42 of 2nd period - Stopped by Anders Nilsson without a rebound.
5:43 of 2nd period - Marko Dano wins face-off versus Michael Chaput in Ice Dragons zone.
7:12 of 2nd period - Penalty to Emil Pettersson is over, Emil Pettersson is back on ice.
7:52 of 2nd period - Bryan Young is hit by Brian Boyle and loses puck.
8:03 of 2nd period - Slapshot by Michael Chaput.
8:03 of 2nd period - Shot Misses the Net.
8:18 of 2nd period - Logan MacMillan is hit by Quinton Howden and loses puck.
8:54 of 2nd period - Nathan Oystrick is hit by Michael Chaput and loses puck.
9:11 of 2nd period - Slapshot by Petr Pohl.
9:11 of 2nd period - Shot Blocked by Michael Ferland.
9:13 of 2nd period - Wrist shot by Nathan Gerbe.
9:13 of 2nd period - Stopped by Anders Nilsson with a rebound.
9:15 of 2nd period - Slapshot by Nathan Oystrick.
9:15 of 2nd period - Stopped by Anders Nilsson with a rebound.
10:40 of 2nd period - Jamie Arniel is hit by Brandon Kozun and loses puck.
10:59 of 2nd period - Alec Martinez is hit by Ty Wishart and loses puck.
11:12 of 2nd period - Wrist shot by Ty Wishart.
11:12 of 2nd period - Shot Blocked by Michael Stone.
11:14 of 2nd period - Wrist shot by Robert Dome.
11:14 of 2nd period - Stopped by Anders Nilsson without a rebound.
11:15 of 2nd period - Mark Jankowski wins face-off versus Thomas Gobeil in Ice Dragons zone.
11:27 of 2nd period - Wrist shot by Robert Dome.
11:27 of 2nd period - Stopped by Anders Nilsson with a rebound.
11:29 of 2nd period - Snap shot by Mark Jankowski.
11:29 of 2nd period - Deflect By Robert Dome.
11:29 of 2nd period - Stopped by Anders Nilsson with a rebound.
11:31 of 2nd period - Wrist shot by Mark Jankowski.
11:31 of 2nd period - Stopped by Anders Nilsson with a rebound.
11:41 of 2nd period - Chris Wagner is hit by Bryan Young and loses puck.
12:00 of 2nd period - Slapshot by Tye McGinn.
12:00 of 2nd period - Stopped by Anders Nilsson without a rebound.
12:01 of 2nd period - Luke Adam wins face-off versus Marko Dano in Ice Dragons zone.
12:01 of 2nd period - Luke Adam is hit by Nathan Gerbe.
12:16 of 2nd period - Wrist shot by Matt Corrente.
12:16 of 2nd period - Stopped by Jean-Francois Berube with a rebound.
12:51 of 2nd period - Slapshot by Brayden McNabb.
12:51 of 2nd period - Deflect By Michael Chaput.
12:51 of 2nd period - Goal by Michael Chaput - Ice Dragons : 2 - Griffins : 2.
12:52 of 2nd period - Brian Boyle wins face-off versus Marko Dano in neutral zone.
13:01 of 2nd period - Wrist shot by Brian Boyle.
13:01 of 2nd period - Stopped by Jean-Francois Berube with a rebound.
14:24 of 2nd period - Snap shot by Luke Adam.
14:24 of 2nd period - Shot Misses the Net.
14:40 of 2nd period - Anton Slepyshev is hit by Brian Boyle and loses puck.
15:29 of 2nd period - Slapshot by Brian Boyle.
15:29 of 2nd period - Goal by Brian Boyle - Ice Dragons : 3 - Griffins : 2.
15:30 of 2nd period - Brian Boyle wins face-off versus Petr Pohl in neutral zone.
15:33 of 2nd period - Petr Pohl is hit by Brian Boyle and loses puck.
15:38 of 2nd period - Slapshot by David Rundblad.
15:38 of 2nd period - Shot Misses the Net.
15:40 of 2nd period - Wrist shot by Brian Boyle.
15:40 of 2nd period - Shot Misses the Net.
15:56 of 2nd period - Brayden McNabb is hit by Bryan Young and loses puck.
16:05 of 2nd period - Wrist shot by Jamie Arniel.
16:05 of 2nd period - Stopped by Anders Nilsson with a rebound.
16:57 of 2nd period - Slapshot by Petr Pohl.
16:57 of 2nd period - Shot Misses the Net.
17:33 of 2nd period - Kevin Connauton is hit by J.T. Brown and loses puck.
17:58 of 2nd period - Snap shot by Petr Pohl.
17:58 of 2nd period - Deflect By Nathan Gerbe.
17:58 of 2nd period - Shot Misses the Net.
17:58 of 2nd period - Puck is out of play.
17:59 of 2nd period - Michael Chaput wins face-off versus Marko Dano in Ice Dragons zone.
18:50 of 2nd period - Off-side.
18:51 of 2nd period - Jamie Arniel wins face-off versus Brian Boyle in neutral zone.
19:02 of 2nd period - Wrist shot by Brian Boyle.
19:02 of 2nd period - Shot Misses the Net.
19:04 of 2nd period - Wrist shot by Alec Martinez.
19:04 of 2nd period - Stopped by Jean-Francois Berube without a rebound.
19:05 of 2nd period - Marko Dano wins face-off versus Luke Adam in Griffins zone.
19:23 of 2nd period - Marko Dano is hit by Alec Martinez and loses puck.
19:55 of 2nd period - Slapshot by David Rundblad.
19:55 of 2nd period - Shot Misses the Net.
19:57 of 2nd period - Wrist shot by Michael Ferland.
19:57 of 2nd period - Shot Blocked by Anton Slepyshev.
19:59 of 2nd period - Wrist shot by Michael Ferland.
19:59 of 2nd period - Stopped by Jean-Francois Berube with a rebound.
Goals for this period are 2 for Ice Dragons vs 0 for Griffins.
Shots for this period are 8 for Ice Dragons vs 19 for Griffins.
3rd period
0:01 of 3rd period - Tye McGinn wins face-off versus Brian Boyle in neutral zone.
0:06 of 3rd period - Slapshot by Simon Despres.
0:06 of 3rd period - Stopped by Anders Nilsson with a rebound.
0:33 of 3rd period - Snap shot by Jamie Arniel.
0:33 of 3rd period - Shot Misses the Net.
0:53 of 3rd period - Snap shot by Jamie Arniel.
0:53 of 3rd period - Shot Misses the Net.
0:55 of 3rd period - Slapshot by Petter Granberg.
0:55 of 3rd period - Stopped by Anders Nilsson without a rebound.
0:56 of 3rd period - Brian Boyle wins face-off versus Marko Dano in Ice Dragons zone.
0:58 of 3rd period - Minor Penalty to Brayden McNabb for Hooking.
0:59 of 3rd period - Marko Dano wins face-off versus Brian Boyle in Ice Dragons zone.
1:10 of 3rd period - Icing by Nathan Gerbe.
1:11 of 3rd period - Marko Dano wins face-off versus Brian Boyle in Griffins zone.
1:11 of 3rd period - Marko Dano is hit by Brian Boyle.
1:19 of 3rd period - Wrist shot by Petter Granberg.
1:19 of 3rd period - Stopped by Anders Nilsson with a rebound.
1:25 of 3rd period - Snap shot by Alec Martinez.
1:25 of 3rd period - Stopped by Jean-Francois Berube without a rebound.
1:26 of 3rd period - Brian Boyle wins face-off versus Marko Dano in Griffins zone.
1:37 of 3rd period - Slapshot by Simon Despres.
1:37 of 3rd period - Deflect By Matt Corrente.
1:37 of 3rd period - Stopped by Anders Nilsson with a rebound.
1:39 of 3rd period - Snap shot by Petr Pohl.
1:39 of 3rd period - Deflect By Marko Dano.
1:39 of 3rd period - Shot Misses the Net.
1:39 of 3rd period - Puck is out of play.
1:40 of 3rd period - Brian Boyle wins face-off versus Marko Dano in Ice Dragons zone.
1:40 of 3rd period - Brian Boyle is hit by Simon Despres.
2:09 of 3rd period - Slapshot by Petter Granberg.
2:09 of 3rd period - Shot Misses the Net.
2:58 of 3rd period - Penalty to Brayden McNabb is over, Brayden McNabb is back on ice.
3:47 of 3rd period - Wrist shot by Brian Boyle.
3:47 of 3rd period - Stopped by Jean-Francois Berube with a rebound.
4:05 of 3rd period - Tye McGinn is hit by Michael Ferland and loses puck.
5:28 of 3rd period - Minor Penalty to Tye McGinn for Roughing.
5:29 of 3rd period - Brandon Kozun wins face-off versus Jamie Arniel in Griffins zone.
5:38 of 3rd period - Wrist shot by Brian Boyle.
5:38 of 3rd period - Deflect By Logan MacMillan.
5:38 of 3rd period - Goal by Logan MacMillan - Ice Dragons : 4 - Griffins : 2.
5:39 of 3rd period - Marko Dano wins face-off versus Brian Boyle in neutral zone.
5:50 of 3rd period - Wrist shot by Brandon Kozun.
5:50 of 3rd period - Shot Misses the Net.
6:04 of 3rd period - Luke Adam is hit by Ty Wishart.
6:10 of 3rd period - Snap shot by Jamie Arniel.
6:10 of 3rd period - Goal by Jamie Arniel - Ice Dragons : 4 - Griffins : 3.
6:11 of 3rd period - Marko Dano wins face-off versus Brian Boyle in neutral zone.
6:36 of 3rd period - Bryan Young is hit by Matt Corrente and loses puck.
7:16 of 3rd period - Icing by Petr Pohl.
7:17 of 3rd period - Marko Dano wins face-off versus Brian Boyle in Griffins zone.
7:32 of 3rd period - Wrist shot by Brian Boyle.
7:32 of 3rd period - Shot Blocked by Ian McCoshen.
7:46 of 3rd period - Slapshot by Ben Hanowski.
7:46 of 3rd period - Stopped by Anders Nilsson without a rebound.
7:47 of 3rd period - Brian Boyle wins face-off versus Quinton Howden in Ice Dragons zone.
7:51 of 3rd period - Off-side.
7:52 of 3rd period - Tye McGinn wins face-off versus Brian Boyle in neutral zone.
8:18 of 3rd period - Bryan Young is hit by Michael Chaput and loses puck.
8:23 of 3rd period - Slapshot by Michael Chaput.
8:23 of 3rd period - Shot Misses the Net.
8:25 of 3rd period - Slapshot by Michael Stone.
8:25 of 3rd period - Stopped by Jean-Francois Berube with a rebound.
8:27 of 3rd period - Slapshot by Kevin Connauton.
8:27 of 3rd period - Stopped by Jean-Francois Berube with a rebound.
8:29 of 3rd period - Backhand shot by Michael Stone.
8:29 of 3rd period - Stopped by Jean-Francois Berube without a rebound.
8:30 of 3rd period - Brian Boyle wins face-off versus Marko Dano in Griffins zone.
8:49 of 3rd period - Alec Martinez is hit by Petr Pohl and loses puck.
9:04 of 3rd period - Wrist shot by Quinton Howden.
9:04 of 3rd period - Stopped by Anders Nilsson without a rebound.
9:05 of 3rd period - Luke Adam wins face-off versus Quinton Howden in Ice Dragons zone.
9:05 of 3rd period - Luke Adam is hit by Quinton Howden.
9:19 of 3rd period - Wrist shot by Luke Adam.
9:19 of 3rd period - Shot Misses the Net.
9:40 of 3rd period - Brandon Kozun is hit by Simon Despres and loses puck.
9:55 of 3rd period - Brayden McNabb is hit by Marko Dano and loses puck.
10:44 of 3rd period - Wrist shot by Petter Granberg.
10:44 of 3rd period - Deflect By Jamie Arniel.
10:44 of 3rd period - Stopped by Anders Nilsson with a rebound.
11:54 of 3rd period - Brandon Kozun is hit by Petr Pohl and loses puck.
12:03 of 3rd period - Slapshot by Nathan Gerbe.
12:03 of 3rd period - Shot Misses the Net.
12:19 of 3rd period - Luke Adam is hit by Tye McGinn and loses puck.
13:14 of 3rd period - Slapshot by David Rundblad.
13:14 of 3rd period - Stopped by Jean-Francois Berube with a rebound.
13:32 of 3rd period - Chris Wagner is hit by Connor Brown and loses puck.
13:41 of 3rd period - Mirco Mueller is hit by Michael Ferland and loses puck.
14:16 of 3rd period - Slapshot by Petr Pohl.
14:16 of 3rd period - Deflect By Marko Dano.
14:16 of 3rd period - Stopped by Anders Nilsson with a rebound.
14:18 of 3rd period - Slapshot by Nathan Gerbe.
14:18 of 3rd period - Shot Misses the Net.
14:22 of 3rd period - Snap shot by Nathan Gerbe.
14:22 of 3rd period - Shot Misses the Net.
14:39 of 3rd period - Wrist shot by Ben Hanowski.
14:39 of 3rd period - Stopped by Anders Nilsson without a rebound.
14:40 of 3rd period - Brian Boyle wins face-off versus Connor Brown in Ice Dragons zone.
14:40 of 3rd period - Brian Boyle is hit by Jamie Arniel.
15:04 of 3rd period - Slapshot by Petr Pohl.
15:04 of 3rd period - Stopped by Anders Nilsson without a rebound.
15:05 of 3rd period - Marko Dano wins face-off versus Luke Adam in Ice Dragons zone.
15:18 of 3rd period - Snap shot by Marko Dano.
15:18 of 3rd period - Shot Blocked by Kevin Connauton.
15:20 of 3rd period - Minor Penalty to Emil Pettersson for Tripping.
15:21 of 3rd period - Marko Dano wins face-off versus Brian Boyle in Ice Dragons zone.
15:56 of 3rd period - Wrist shot by Tye McGinn.
15:56 of 3rd period - Stopped by Anders Nilsson with a rebound.
17:20 of 3rd period - Penalty to Emil Pettersson is over, Emil Pettersson is back on ice.
18:02 of 3rd period - Nathan Oystrick is hit by Sam Carrick.
18:45 of 3rd period - Griffins, Jean-Francois Berube is pulled from the net.
18:53 of 3rd period - Slapshot by Matt Corrente.
18:53 of 3rd period - Shot Blocked by Anton Slepyshev.
18:55 of 3rd period - Snap shot by Logan MacMillan.
18:55 of 3rd period - Shot Blocked by Simon Despres.
19:16 of 3rd period - Off-side.
19:17 of 3rd period - Kirk Muller call a timeout for Griffins.
19:17 of 3rd period - Michael Chaput wins face-off versus Marko Dano in neutral zone.
19:22 of 3rd period - Slapshot by Alec Martinez.
19:22 of 3rd period - Goal by Alec Martinez - Ice Dragons : 5 - Griffins : 3.
19:22 of 3rd period - Jean-Francois Berube from Griffins was sent back in the game.
19:23 of 3rd period - Quinton Howden wins face-off versus Michael Chaput in neutral zone.
19:26 of 3rd period - Slapshot by Quinton Howden.
19:26 of 3rd period - Stopped by Anders Nilsson with a rebound.
Goals for this period are 2 for Ice Dragons vs 1 for Griffins.
Shots for this period are 8 for Ice Dragons vs 13 for Griffins.
Back to the Top